 Dungeon Crawl Stone Soup version 0.31-a0-826-ga5cc291a1b (webtiles) character file.

Game seed: 15693889202062194580

388 qw the Shooter (level 6, 0/38 HPs)
             Began as a Gargoyle Hunter on Sept 23, 2023.
             Slain by a yak (6 damage)
             ... on level 5 of the Dungeon.
             The game lasted 00:01:16 (3002 turns).

qw the Shooter (Gargoyle Hunter)                    Turns: 3002, Time: 00:01:17

Health: 0/38       AC: 17    Str: 13 (14) XL:     6   Next: 79%
Magic:  5/5        EV: 11    Int:  9 (10) God:
Gold:   210        SH:  0    Dex: 19 (21) Spells: 5/5 levels left

rFire   . . .        Y - +0 shortbow
rCold   . . .        (shield currently unavailable)
rNeg    + . .        d - +0 ring mail
rPois   inf          b - +0 helmet
rElec   +            (no cloak)
rCorr   .            (no gloves)
SInv    .            l - +0 pair of boots
Will    .....        (no amulet)
Stlth   +            f - +6 ring of dexterity
HPRegen 0.26/turn    h - +4 ring of protection
MPRegen 0.09/turn

%: no passive effects
@: no status effects
A: sickness immunity, AC +4, negative energy resistance 1, electricity
resistance, torment resistance 1, petrification resistance, iridescent scales 1,
low MP 1
a: no special abilities


You were on level 5 of the Dungeon.
You visited 2 branches of the dungeon, and saw 6 of its levels.

You collected 210 gold pieces.


Innate Abilities, Weirdness & Mutations

You are immune to sickness and miasma.
Your stone body is resilient. (AC +4)
You are immune to poison.
You resist negative energy. (rN+)
You are resistant to electric shocks. (rElec)
You are resistant to unholy torment.
You are immune to petrification.
You are partially covered in iridescent scales. (AC +2)
Your magical capacity is low. (-10% MP)


   Skills:
 - Level 4.1 Fighting
 - Level 7.0 Ranged Weapons
 + Level 1.3 Armour
 - Level 1.5 Dodging
 - Level 1.1 Stealth


You had 5 spell levels left.
You didn't know any spells.
Your spell library was empty.

Inventory:

Hand Weapons
 Y - a +0 shortbow (weapon)
Armour
 b - a +0 helmet (worn)
 d - a +0 ring mail (worn)
 l - a +0 pair of boots (worn)
Jewellery
 f - a +6 ring of dexterity (left hand)
 h - a +4 ring of protection (right hand)
Scrolls
 m - a scroll of identify
Potions
 c - a potion of might
 i - a potion of heal wounds {unknown}
 n - a potion of mutation
 o - a potion of resistance {unknown}

Dungeon Overview and Level Annotations

Branches:
Dungeon (5/15)             Temple (1/1) D:4

Altars:
Ashenzari
Cheibriados
Elyvilon
Fedhas
Makhleb
Nemelex Xobeh
Qazlal
Ru
Trog
Uskayaw
Yredelemnul
Zin


Message History

You shoot an arrow.
The arrow hits the yak but does no damage.
The yak is moderately wounded.
The yak gores you.
An ufetubus comes into view.
You shoot an arrow. The arrow hits the yak.
The yak is moderately wounded.
The yak gores you!
A yak comes into view.
You shoot an arrow. The yak bellows!
The arrow hits the yak!
The yak is heavily wounded.
The yak gores you!
An orc comes into view. It is wielding a +0 mace.
You shoot an arrow. The arrow hits the yak!
The yak is severely wounded.
The yak gores you but does no damage.
An orc wizard comes into view. It is wielding a +0 dagger.
You shoot an arrow. The orc wizard shouts!
The arrow hits the yak but does no damage.
The yak is severely wounded.
The yak closely misses you. The yak gores you but does no damage.
An orc warrior comes into view. It is wielding a +0 trident.
You shoot an arrow.
The arrow hits the yak but does no damage.
The yak is severely wounded.
The yak gores you but does no damage.
You shoot an arrow.
The arrow hits the yak but does no damage.
The yak is severely wounded.
The yak gores you but does no damage.
You shoot an arrow. The arrow barely misses the yak.
The arrow hits the yak but does no damage.
The yak gores you.
You shoot an arrow. The arrow barely misses the yak.
The arrow hits the yak!
The yak is lightly wounded.
The yak gores you.
You die... ##.#.##.# #.###...# .## ##.#.#### .o# ##.## #o# ##'## oo5

##...## #Y#
#.....## ####Y#
.......## ##.##Y#
........####...#@#
........'........#
........####...#.#
.......## ##.##.#
#.....## ####.#
##...## #.# ##+##
#.# #.# .#


You could see 3 yaks, an orc warrior, an orc wizard, 2 orcs and an ufetubus.

Vanquished Creatures
  A black bear (D:4)
  2 hounds
  An orc wizard (D:3)
  8 gnolls
  3 adders
  A river rat (D:4)
  4 worms
  3 dart slugs
  6 orcs
  4 ball pythons
  5 endoplasms
  2 giant cockroaches
  12 goblins
  7 hobgoblins
  4 jackals (D:2)
  3 kobolds
  4 quokkas
  3 bats
  2 frilled lizards (D:1)
  6 rats
81 creatures vanquished.

Notes
Turn   | Place    | Note
-------+----------+-------------------------------------------
     0 | D:1      | qw the Gargoyle Hunter began the quest for the Orb.
     0 | D:1      | Reached XP level 1. HP: 12/12 MP: 1/1
     0 | D:1      | 0 ||| qw: Version: 0.3-a-83-gcd0e7d8
     0 | D:1      | 0 ||| qw: Game counter: 1911
     0 | D:1      | 0 ||| qw: Melee chars always use a shield: true
     0 | D:1      | 0 ||| qw: God list: Okawaru
     0 | D:1      | 0 ||| qw: Allow faded altars: false
     0 | D:1      | 0 ||| qw: Do Orc after clearing Dungeon:15 true
     0 | D:1      | 0 ||| qw: Do second Lair branch before Depths: true
     0 | D:1      | 0 ||| qw: Lair rune preference: random
     0 | D:1      | 0 ||| qw: Goals: Normal
     0 | D:1      | 0 ||| PLANNING D:1-11
    75 | D:1      | Reached XP level 2. HP: 17/17 MP: 2/2
   317 | D:1      | Reached XP level 3. HP: 21/21 MP: 3/3
   439 | D:1      | 439 ||| UPGRADING to +0 ring mail.
   449 | D:1      | 449 ||| DROPPING +0 leather armour.
   450 | D:1      | 450 ||| UPGRADING to +6 ring of dexterity.
   451 | D:1      | 451 ||| READING scroll labelled EPAR DYQANO.
   452 | D:1      | 452 ||| READING scroll labelled KAUWEA DELEQILUDD.
   453 | D:1      | 453 ||| DROPPING scroll of butterflies.
   822 | D:2      | Reached skill level 1 in Armour
  1014 | D:2      | Reached skill level 5 in Ranged Weapons
  1037 | D:2      | Found a hide-covered altar of Uskayaw.
  1161 | D:2      | 1161 ||| UPGRADING to +0 helmet.
  1166 | D:2      | 1166 ||| UPGRADING to ring of willpower.
  1167 | D:2      | 1167 ||| DROPPING ring of flight.
  1168 | D:2      | 1168 ||| READING scroll labelled GEK GIDGHIUREFI.
  1171 | D:2      | 1171 ||| DRINKING 2 bubbling ruby potions.
  1172 | D:2      | 1172 ||| DRINKING 2 murky sapphire potions.
  1172 | D:2      | Gained mutation: You are vulnerable to heat. (rF-) [potion
                  | of mutation]
  1172 | D:2      | Gained mutation: You expend magic power (3 MP) to
                  | strengthen your wands. [potion of mutation]
  1173 | D:2      | 1173 ||| DRINKING potion of mutation.
  1173 | D:2      | Lost mutation: You expend magic power (3 MP) to strengthen
                  | your wands. [potion of mutation]
  1173 | D:2      | Lost mutation: You are vulnerable to heat. (rF-) [potion of
                  | mutation]
  1173 | D:2      | Gained mutation: Your magical capacity is low. (-10% MP)
                  | [potion of mutation]
  1173 | D:2      | Gained mutation: You are partially covered in iridescent
                  | scales. (AC +2) [potion of mutation]
  1174 | D:2      | 1174 ||| DROPPING potion of brilliance.
  1422 | D:3      | Reached XP level 4. HP: 27/27 MP: 3/3
  1444 | D:3      | 1444 ||| FLEEEEING.
  1445 | D:3      | 1445 ||| FLEEEEING.
  1449 | D:3      | 1449 ||| FLEEEEING.
  1450 | D:3      | 1450 ||| FLEEEEING.
  1451 | D:3      | 1451 ||| FLEEEEING.
  1463 | D:3      | Reached skill level 3 in Fighting
  1529 | D:3      | Found a broken altar of Ashenzari.
  1881 | D:3      | 1881 ||| UPGRADING to +0 pair of boots.
  1886 | D:3      | 1886 ||| DROPPING amulet of magic regeneration.
  1887 | D:3      | 1887 ||| READING scroll labelled TISMEONL JINOL.
  1888 | D:3      | 1888 ||| DRINKING 2 viscous silvery potions.
  1889 | D:3      | 1889 ||| DROPPING potion of attraction.
  1912 | D:4      | 1912 ||| PLANNING SEWER
  1912 | D:4      | 1912 ||| STAIRDANCE
  1920 | D:3      | Reached XP level 5. HP: 32/32 MP: 4/4
  1922 | D:4      | 1922 ||| STAIRDANCE
  1950 | D:4      | 1950 ||| STAIRDANCE
  1968 | D:4      | 1968 ||| STAIRDANCE
  1975 | D:4      | Reached skill level 6 in Ranged Weapons
  1977 | D:4      | 1977 ||| STAIRDANCE
  2101 | D:4      | Reached XP level 6. HP: 17/38 MP: 5/5
  2302 | D:4      | Noticed a black bear
  2309 | D:4      | Killed a black bear
  2314 | D:4      | Found a staircase to the Ecumenical Temple.
  2656 | D:4      | 2656 ||| RIP SEWER
  2657 | D:4      | 2657 ||| PLANNING TEMPLE
  2660 | D:4      | Reached skill level 7 in Ranged Weapons
  2681 | D:4      | 2681 ||| DROPPING ring of magical power.
  2682 | D:4      | 2682 ||| UPGRADING to +4 ring of protection.
  2684 | D:4      | 2684 ||| DROPPING ring of willpower.
  2685 | D:4      | 2685 ||| READING scroll labelled TITSOO UXTAO.
  2686 | D:4      | 2686 ||| DRINKING 2 murky pink potions.
  2687 | D:4      | 2687 ||| DRINKING 2 smoky black potions.
  2706 | D:4      | 2706 ||| READING 2 scrolls of identify.
  2706 | D:4      | 2706 ||| IDENTIFYING metallic amethyst potion
  2707 | D:4      | 2707 ||| DROPPING potion of degeneration.
  2708 | D:4      | 2708 ||| DROPPING potion of lignification.
  2753 | Temple   | Entered the Ecumenical Temple
  2754 | Temple   | 2754 ||| PLANNING D:1-11
  2905 | D:5      | Entered Level 5 of the Dungeon
  2984 | D:5      | Noticed a yak
  2991 | D:5      | Noticed a yak
  2995 | D:5      | Noticed a yak
  2996 | D:5      | HP: 8/38 [yak (12)]
  2998 | D:5      | Noticed an orc warrior
  3001 | D:5      | HP: 6/38 [yak (4)]
  3002 | D:5      | Slain by a yak

Levels and vault maps discovered:
D:1:      moated_graveyard_arrival, layout_rooms
D:2:      layout_basic, basic_altar, minmay_pentomino_z2
D:3:      layout_basic, mainiacjoe_overflow_boulevard, skrybe_limestone_x
D:4:      layout_basic, minmay_temple_entry_arrows, gup_sewer_entry_bowl,
          minmay_misc_feat_plants
D:5:      layout_loops_corners, xom_confusion_cloud,
          amcnicky_mini_corridor_feature, uniq_menkaure, uniq_edmund
Temple:   jpeg_temple_clearing

Skill      XL: |  1  2  3  4  5  6 |
---------------+-------------------+-----
Armour         | 1 |  1.3
Ranged Weapons | 5 6 7 |  7.0
Fighting       | 3 4 |  4.1
Dodging        | |  1.5
Stealth        | |  1.1

Action                     |  1- 3 |  4- 6 || total
---------------------------+-------+-------++-------
   Fire: Shortbow          |   121 |   157 ||   278
    Use: Scroll            |     3 |     3 ||     6
         Potion            |     3 |     3 ||     6
 Armour: Leather armour    |    13 |       ||    13
         Ring mail         |    23 |    82 ||   105
  Dodge: Dodged            |    32 |    49 ||    81

Table legend:
 A = Non-vault XP
 B = Vault XP
 C = Vault XP percentage of total XP
 D = Non-vault monster count
 E = Vault monster count
 F = Vault count percentage of total count
                 A         B        C        D         E       F
            +---------+---------+-------+---------+---------+-------
      Total |     534 |      21 |   3.8 |      75 |       6 |   7.4
            +---------+---------+-------+---------+---------+-------
        D:1 |      35 |       0 |   0.0 |      18 |       0 |   0.0
        D:2 |      26 |       3 |  10.3 |      14 |       2 |  12.5
        D:3 |     176 |       0 |   0.0 |      26 |       0 |   0.0
        D:4 |     281 |      18 |   6.0 |      15 |       4 |  21.1
        D:5 |      16 |       0 |   0.0 |       2 |       0 |   0.0
            +---------+---------+-------+---------+---------+-------
